 Dungeon Crawl Stone Soup version 0.19.1 (console) character file.

165592 Kloppie the Merfolkian Porcupine (level 17, -13/146 HPs)
             Began as a Merfolk Berserker on Dec 5, 2016.
             Was the Champion of Trog.
             Mangled by a wolf spider (19 damage)
             ... on level 2 of the Spider Nest on Dec 6, 2016.
             The game lasted 00:56:54 (30902 turns).

Kloppie the Merfolkian Porcupine (MfBe)            Turns: 30902, Time: 00:56:55

Health: -13/146    AC: 10    Str: 16    XL:     17   Next: 88%
Magic:  17/17      EV: 31    Int:  9    God:    Trog [******]
Gold:   2382       SH:  0    Dex: 28    Spells: 0 memorised, 16 levels left

rFire  . . .     SeeInvis .     b - +1 bardiche (vamp)
rCold  + + .     Gourm    .     L - +6 ring mail of the Scribe {rC+ Dex+3}
rNeg   . . .     Faith    .     (shield currently unavailable)
rPois  +         Spirit   .     N - +2 hat {MR+}
rElec  .         Reflect  .     s - +0 cloak
rCorr  .         Harm     .     E - +2 pair of gloves of Igauh {Str-2 Int+5 Dex+5}
MR     ++++.                    (no boots)
Stlth  ++........               (no amulet)
                                q - ring of poison resistance
                                M - +4 ring of protection

@: lethally poisoned (-13 -> -13), about to teleport, corroded, regenerating
A: change form in water, swift swim, stealthy swim, cold resistance 1, deformed
body, dopey 1, mutation resistance 1, wild magic 1
a: Berserk, Trog's Hand, Brothers in Arms, Burn Spellbooks, Renounce Religion


You were on level 2 of the Spider Nest.
You worshipped Trog.
Trog was exalted by your worship.
You were not hungry.

You visited 5 branches of the dungeon, and saw 28 of its levels.
You also visited: Bailey and Ice Cave.

You collected 3242 gold pieces.
You spent 860 gold pieces at shops.

Inventory:

Hand Weapons
 a - a +1 demon trident of venom
 b - a +1 vampiric bardiche (weapon)
 d - the +10 halberd of Forchafi {elec, rElec rC++}
   (Trog gifted it to you on level 14 of the Dungeon)

   Occasionally, upon striking a foe, it will discharge some electrical energy
   and cause terrible harm.
   It greatly protects you from cold.
   It insulates you from electricity.
 f - a +3 antimagic bardiche
Armour
 s - a +0 cloak (worn)
 E - the +2 pair of gloves of Igauh (worn) {Str-2 Int+5 Dex+5}
   (You found it in an ice cave)

   It affects your strength (-2).
   It affects your intelligence (+5).
   It affects your dexterity (+5).
 L - the +6 ring mail of the Scribe (worn) {rC+ Dex+3}
   (You bought it in a shop on level 4 of the Dungeon)

   It affects your dexterity (+3).
   It protects you from cold.
 N - a +2 hat of magic resistance (worn)
 Q - a +1 helmet of see invisible
Jewellery
 l - the ring of Fixation {Wiz rF+}
   (You found it on level 1 of the Lair of Beasts)

   [ring of wizardry]

   It improves your spell success rate.
   It protects you from fire.
 m - a +3 ring of slaying
 q - a ring of poison resistance (right hand)
 u - an uncursed ring of protection from cold
 M - a +4 ring of protection (left hand)
 P - an uncursed ring of positive energy
Wands
 v - a wand of hasting (6/9)
 J - a wand of teleportation (7/9)
 S - a wand of hasting (5/9)
Scrolls
 h - 8 scrolls of teleportation
 i - 7 scrolls of summoning
 k - 14 scrolls of remove curse
 n - 8 scrolls of enchant armour
 o - 4 scrolls of magic mapping
 r - 7 scrolls of fog
 y - 5 scrolls of enchant weapon
 z - 6 scrolls of recharging
 A - 4 scrolls of identify
 C - a scroll of silence
 K - a scroll of fear
 R - 2 scrolls of blinking
 V - a scroll of brand weapon
Potions
 e - 7 potions of curing
 w - 2 potions of flight
 x - a potion of agility
 F - 2 potions of heal wounds
 G - 3 potions of cancellation
 H - 9 potions of haste
 I - 4 potions of might
 T - a potion of resistance
Comestibles
 c - 2 fruits
 g - 12 slices of pizza
 j - 6 beef jerkies
 p - 3 meat rations
 B - a bread ration


   Skills:
 + Level 16.8 Fighting
 O Level 27 Polearms
 - Level 1.3 Armour
 - Level 20.2 Dodging


You had 16 spell levels left.
You didn't know any spells.

Dungeon Overview and Level Annotations

Branches:
Dungeon (15/15)            Temple (0/1) D:6            Lair (6/6) D:10
 Shoals (3/4) Lair:2       Spider (2/4) Lair:4        Slime (0/5) Lair:5
    Orc (2/2) D:12            Elf (0/3) Orc:2        Vaults (0/5) D:14
 Depths (0/5) D:15

Altars:
Cheibriados
Gozag
Hepliaklqana
Kikubaaqudgha
Okawaru
Ru
Sif Muna
Uskayaw
Xom
Zin
The Shining One
Beogh

Shops:
D:4 [*(   D:12 (   D:15 %   Orc:2 ?:*%

Portals:
Trove: D:13 (give 6 potions of agility)

Annotations:
D:7 Prince Ribbit


Innate Abilities, Weirdness & Mutations

You revert to your normal form in water.
You are very nimble and swift while swimming.
You are very stealthy in the water. (Stealth+)
Your flesh is cold resistant. (rC+)
Armour fits poorly on your strangely shaped body.
You are dopey. (Int -2)
You are somewhat resistant to further mutation.
Your spells are a little harder to cast, but a little more powerful.


Message History

* * * LOW HITPOINT WARNING * * *
The redback closely misses you.
You hit the redback.
You feel better.
The redback is lightly wounded.
You feel sick.
The meliai calls down the wrath of its god upon you.
Something smites you!
* * * LOW HITPOINT WARNING * * *
The meliai misses you. The meliai closely misses you.
The redback closely misses you. The wolf spider hits you!!
* * * LOW HITPOINT WARNING * * *
The wolf spider barely misses you.
You hit the wolf spider but do no damage.
You feel sick.
The meliai mumbles some strange prayers to its god against you.
Something smites you!
* * * LOW HITPOINT WARNING * * *
The meliai misses you. The meliai completely misses you.
The wolf spider hits you!!
You die...

......................##
.^..............[.....#
......[.....^.......###
...................##
.?....†...........##
#.......a..#.####
#####.syy##^## ##sys####
##s@# ####


You could see an entropy weaver, a wolf spider, 3 redbacks and 3 meliai.

Vanquished Creatures
  2 orc warlords
  3 emperor scorpions (Spider:1)
  Aizul (Shoals:2)
  2 ghouls (D:14)
  An entropy weaver (Spider:1)
  5 dire elephants (Lair:6)
  An ettin (D:15)
  A merfolk impaler (Shoals:2)
  Snorg (Lair:3)
  A vault guard (D:14)
  8 hydras
  Fannar (Lair:3)
  2 merfolk avatars
  An alligator snapping turtle (Shoals:3)
  An anaconda (Lair:6)
  3 merfolk aquamancers (Shoals:2)
  4 centaur warriors
  A satyr (Shoals:3)
  2 ogre magi (Orc:2)
  2 death yaks (Lair:4)
  8 tengu warriors
  Nergalle (Orc:1)
  4 skeletal warriors (D:14)
  A hell knight (D:15)
  2 deep trolls (Orc:2)
  6 sea snakes
  3 unseen horrors
  11 hill giants
  5 harpies (Shoals:1)
  4 wizards
  A hill giant (shapeshifter) (D:15)
  Pikel (D:5)
  5 orb spiders
  2 necromancers (D:14)
  9 ugly things
  3 orc knights
  8 manticores
  An orc sorcerer (Orc:1)
  17 wolf spiders
  5 cyclopes
  A deep elf mage (D:15)
  12 fauns
  2 ice statues (IceCv)
  2 water nymphs (Shoals:2)
  7 sirens
  2 centaur zombies
  17 elephants
  9 black mambas
  A gargoyle (D:11)
  12 spiny frogs
  A torpor snail (Lair:5)
  11 komodo dragons
  A guardian mummy (D:14)
  2 demonic crawlers
  3 rime drakes
  10 ice devils (IceCv)
  2 tengu conjurers (D:15)
  6 wind drakes
  18 trolls
  9 two-headed ogres
  7 jumping spiders
  2 polar bears
  2 slime creatures (D:15)
  12 merfolk
  2 hornets
  15 blink frogs
  A hippogriff (shapeshifter) (D:14)
  8 hippogriffs
  9 dream sheep
  5 snapping turtles
  15 redbacks
  Sigmund (D:2)
  A wyvern (Lair:4)
  3 shadows
  A vampire (D:15)
  7 tarantellas
  42 yaks
  A wraith (D:12)
  4 basilisks
  18 humans (D:14)
  A fire bat (shapeshifter) (D:15)
  A human (shapeshifter) (D:14)
  12 water elementals
  A hungry ghost (D:11)
  10 vampire mosquitoes
  A mottled dragon (D:12)
  3 wargs
  11 water moccasins
  6 porcupines
  A hornet zombie (D:14)
  42 orc warriors
  3 black bears
  11 ice beasts
  An eye of draining (shapeshifter) (D:15)
  A necrophage (D:10)
  2 sky beasts
  2 slaves (D:5)
  2 eyes of draining
  A phantom (D:6)
  27 ogres
  19 wolves
  33 centaurs
  11 crocodiles
  9 big kobolds
  16 bullfrogs
  A wyvern skeleton (D:8)
  4 scorpions
  8 killer bees
  10 wights
  5 howler monkeys
  4 electric eels
  10 crimson imps
  A jelly (D:13)
  20 orc priests
  9 hounds
  35 orc wizards
  7 centaur skeletons
  An iron imp (D:5)
  3 bullfrog skeletons
  An iguana (D:7)
  6 hell rats
  11 worker ants
  A bullfrog simulacrum (D:9)
  3 centaur simulacra
  A mummy (D:14)
  A worker ant zombie (D:10)
  A howler monkey skeleton (D:4)
  9 adders
  8 gnolls
  11 river rats
  2 hound simulacra (D:9)
  3 shadow imps
  15 white imps
  2 worker ant simulacra (D:9)
  10 ufetubi
  2 oozes
  An adder skeleton (D:7)
  An adder zombie (D:8)
  3 worms
  3 dart slugs
  2 adder simulacra (D:9)
  3 leopard geckos
  112 orcs
  4 ball pythons
  4 bats
  4 giant cockroaches
  10 goblins
  10 hobgoblins
  4 jackals (D:5)
  9 quokkas
  5 frilled lizards
  A jackal skeleton (D:8)
  A jackal zombie (D:7)
  53 kobolds
  2 quokka zombies
  5 rats
  7 plants
1100 creatures vanquished.

Vanquished Creatures (collateral kills)
  A hydra (D:8)
  A dream sheep (D:8)
  A yak (D:8)
  A big kobold (D:8)
4 creatures vanquished.

Vanquished Creatures (others)
  A reaper (IceCv)
  A faun (Shoals:2)
  A slave (D:5)
  An orc wizard (Orc:2)
  A white imp (IceCv)
  3 ufetubi (IceCv)
  An adder zombie (D:5)
  15 fungi
  16 plants
40 creatures vanquished.

Grand Total: 1144 creatures vanquished

Notes
Turn   | Place    | Note
-------+----------+-------------------------------------------
     0 | D:1      | Kloppie the Merfolk Berserker began the quest for the Orb.
     0 | D:1      | Reached XP level 1. HP: 18/18 MP: 1/1
   156 | D:1      | Reached skill level 5 in Polearms
   156 | D:1      | Reached XP level 2. HP: 18/24 MP: 2/2
   569 | D:2      | Found a shimmering altar of Xom.
   570 | D:2      | Found a shimmering altar of Xom.
   587 | D:2      | Noticed Sigmund
   597 | D:2      | Reached XP level 3. HP: 24/29 MP: 3/3
   609 | D:2      | Killed Sigmund
   609 | D:2      | Reached skill level 7 in Polearms
   609 | D:2      | Reached XP level 4. HP: 38/38 MP: 4/4
   609 | D:2      | Reached XP level 5. HP: 43/43 MP: 5/5
   700 | D:2      | Found a hazy altar of Hepliaklqana.
   750 | D:2      | Reached ** piety under Trog
   937 | D:2      | Reached skill level 8 in Polearms
   972 | D:2      | You fall through a shaft for 2 floors!
  1044 | D:4      | Reached XP level 6. HP: 50/50 MP: 6/6
  1209 | D:3      | Found an iron altar of Okawaru.
  1398 | D:3      | Reached skill level 5 in Fighting
  1556 | D:3      | Found a faded altar of an unknown god.
  1692 | D:3      | Reached skill level 9 in Polearms
  1867 | D:3      | Reached *** piety under Trog
  2412 | D:4      | Reached XP level 7. HP: 43/56 MP: 7/7
  2579 | D:4      | Found Ethaif Ybig's Assorted Antiques.
  2579 | D:4      | Found Geuxit's Antique Weapon Shop.
  2642 | D:4      | Bought a jewelled bronze wand for 92 gold pieces
  2642 | D:4      | Bought a scroll labeled NIZ LE CUINES for 23 gold pieces
  2691 | D:4      | Reached skill level 10 in Polearms
  2809 | D:4      | Found a glowing silver altar of Zin.
  2976 | D:4      | Found Quhinn's Antique Armour Shoppe.
  3231 | D:4      | Reached **** piety under Trog
  3344 | D:4      | Reached skill level 11 in Polearms
  3344 | D:4      | Reached XP level 8. HP: 65/65 MP: 8/8
  3599 | D:5      | Entered Level 5 of the Dungeon
  3659 | D:5      | Noticed Pikel
  3671 | D:5      | Reached skill level 12 in Polearms
  3682 | D:5      | Killed Pikel
  3682 | D:5      | Reached skill level 13 in Polearms
  3682 | D:5      | Reached XP level 9. HP: 70/73 MP: 9/9
  4174 | D:5      | Found a sacrificial altar of Ru.
  4188 | D:5      | Found a snail-covered altar of Cheibriados.
  4198 | D:5      | Reached ***** piety under Trog
  4255 | D:5      | Found an opulent altar of Gozag.
  4405 | D:6      | Found a glowing silver altar of Zin.
  4564 | D:6      | Reached skill level 14 in Polearms
  4747 | D:6      | Found a staircase to the Ecumenical Temple.
  5568 | D:7      | Reached skill level 5 in Dodging
  5898 | D:7      | Noticed a two-headed ogre
  5898 | D:7      | Noticed a white ugly thing
  5903 | D:7      | Killed a two-headed ogre
  5911 | D:7      | Killed a white ugly thing
  5911 | D:7      | Reached XP level 10. HP: 82/82 MP: 10/10
  6018 | D:7      | Noticed Prince Ribbit
  6357 | D:8      | Received a gift from Trog
  6452 | D:8      | Reached skill level 10 in Dodging
  6867 | D:8      | Found a glowing golden altar of the Shining One.
  6901 | D:8      | Noticed a three-headed hydra
  6903 | D:8      | Reached skill level 15 in Polearms
  6922 | D:8      | Killed a three-headed hydra
  7288 | D:9      | Reached skill level 16 in Polearms
  7778 | D:9      | Reached skill level 17 in Polearms
  7851 | D:9      | Reached XP level 11. HP: 77/87 MP: 3/11
  7919 | D:9      | Found an ancient bone altar of Kikubaaqudgha.
  8011 | D:9      | Found a hide-covered altar of Uskayaw.
  8361 | D:10     | Entered Level 10 of the Dungeon
  8426 | D:10     | Reached skill level 18 in Polearms
  8603 | D:10     | Found a staircase to the Lair.
  8604 | D:10     | Noticed a hill giant
  8630 | D:10     | Killed a hill giant
  8844 | D:10     | Reached skill level 19 in Polearms
  9301 | Lair:1   | Entered Level 1 of the Lair of Beasts
  9334 | Lair:1   | Got an ancient amber ring
  9336 | Lair:1   | Identified the ring of Fixation {Wiz rF+} (You found it on level 1 of the Lair of Beasts)
  9366 | Lair:1   | HP: 4/87 [yak (12)]
  9384 | Lair:1   | HP: 3/130 [yak (7)]
  9850 | Lair:1   | Reached XP level 12. HP: 87/94 MP: 4/12
  9893 | Lair:1   | Received a gift from Trog
 11077 | Lair:2   | Noticed a seven-headed hydra
 11088 | Lair:2   | Killed a seven-headed hydra
 11599 | Lair:2   | Found a staircase to the Shoals.
 11740 | Lair:2   | Gained mutation: You are dopey. (Int -2) [potion of mutation]
 11740 | Lair:2   | Gained mutation: Armour fits poorly on your strangely shaped body. [potion of mutation]
 11740 | Lair:2   | Gained mutation: Your flesh is cold resistant. (rC+) [potion of mutation]
 11760 | Lair:3   | Reached skill level 15 in Dodging
 12329 | Lair:3   | Noticed Snorg
 12344 | Lair:3   | Killed Snorg
 12447 | Lair:3   | Noticed Fannar
 12466 | Lair:3   | Killed Fannar
 12500 | Lair:3   | Noticed a five-headed hydra
 12520 | Lair:3   | Killed a five-headed hydra
 12520 | Lair:3   | Reached ****** piety under Trog
 12520 | Lair:3   | Reached XP level 13. HP: 58/99 MP: 5/13
 12661 | Lair:3   | Received a gift from Trog
 13561 | D:4      | Bought a transparent ring mail for 270 gold pieces
 13561 | D:4      | Bought a shiny helmet for 315 gold pieces
 13571 | D:4      | Identified the +6 ring mail of the Scribe {rC+ Dex+3} (You bought it in a shop on level 4 of the Dungeon)
 14039 | Lair:4   | Received a gift from Trog
 14371 | Lair:4   | Found a hole to the Spider Nest.
 14691 | Lair:5   | Reached skill level 10 in Fighting
 15293 | Lair:5   | Found a staircase to the Slime Pits.
 15318 | Lair:5   | Identified a scroll of acquirement
 15644 | D:10     | Reached XP level 14. HP: 113/113 MP: 4/14
 15836 | D:11     | Reached skill level 20 in Polearms
 16213 | D:12     | Found Tolop's Antique Weapon Boutique.
 16248 | D:12     | Received a gift from Trog
 16633 | D:12     | Reached skill level 21 in Polearms
 16698 | D:12     | Found a staircase to the Orcish Mines.
 16722 | D:12     | Found a roughly hewn altar of Beogh.
 16919 | Orc:1    | Entered Level 1 of the Orcish Mines
 17092 | Orc:1    | Found a deep blue altar of Sif Muna.
 17110 | Orc:1    | Identified Sif Muna's Reference Book on Conjuration
 17467 | Lair:6   | Entered Level 6 of the Lair of Beasts
 17486 | Lair:6   | Received a gift from Trog
 18064 | Lair:6   | Reached skill level 22 in Polearms
 18912 | Lair:6   | Noticed a dire elephant
 18912 | Lair:6   | Noticed a dire elephant
 18919 | Lair:6   | Killed a dire elephant
 18925 | Lair:6   | Killed a dire elephant
 18968 | Lair:6   | Noticed a dire elephant
 18975 | Lair:6   | Killed a dire elephant
 18975 | Lair:6   | Reached skill level 23 in Polearms
 19003 | Lair:6   | Noticed a dire elephant
 19014 | Lair:6   | Reached XP level 15. HP: 88/119 MP: 5/15
 19606 | Orc:2    | Entered Level 2 of the Orcish Mines
 19796 | Orc:2    | Noticed an orc warlord
 19934 | Orc:1    | Received a gift from Trog
 20057 | Orc:1    | Killed an orc warlord
 20360 | Orc:1    | Noticed Nergalle
 20543 | Orc:1    | Reached skill level 24 in Polearms
 20550 | Orc:1    | Killed Nergalle
 20657 | Orc:2    | Found Arilaki's General Store.
 20793 | Orc:2    | Found Qywavoh's Food Shop.
 20969 | Orc:2    | Noticed an orc warlord
 20987 | Orc:2    | Killed an orc warlord
 21127 | Orc:2    | Received a gift from Trog
 21310 | Orc:2    | Reached skill level 25 in Polearms
 21327 | Orc:2    | Found Ropuecao's Book Emporium.
 21352 | Orc:2    | Bought a potion of lignification for 48 gold pieces
 21390 | Orc:2    | Found Nisut's Magic Scroll Shop.
 21398 | Orc:2    | Bought a scroll of silence for 112 gold pieces
 21517 | Orc:2    | Found a staircase to the Elven Halls.
 21853 | D:13     | Found a frozen archway.
 21868 | IceCv    | Entered an ice cave
 21997 | IceCv    | Got a twisted hat
 21999 | IceCv    | Got a pair of distressingly furry gloves
 22010 | IceCv    | Identified the cursed +0 hat of Kefeu {*Slow +Inv rF+++ Dex+4} (You found it in an ice cave)
 22020 | IceCv    | Identified the +2 pair of gloves of Igauh {Str-2 Int+5 Dex+5} (You found it in an ice cave)
 23053 | D:13     | Found a portal to a secret trove of treasure.
 23443 | D:14     | Received a gift from Trog
 23444 | D:14     | Got a polished halberd {god gift}
 23455 | D:14     | Reached skill level 26 in Polearms
 23473 | D:14     | Found a sacrificial altar of Ru.
 23540 | D:14     | Found a flagged portal.
 23551 | Bailey   | Entered a bailey
 23639 | Bailey   | Identified the +10 halberd of Forchafi {elec, rElec rC++} (Trog gifted it to you on level 14 of the Dungeon)
 23687 | Bailey   | Reached XP level 16. HP: 126/126 MP: 10/16
 24009 | D:14     | Paralysed by a wizard for 2 turns
 24042 | D:14     | Found a gate to the Vaults.
 24371 | D:14     | Reached skill level 27 in Polearms
 24974 | Spider:1 | Entered Level 1 of the Spider Nest
 24998 | Spider:1 | Received a gift from Trog
 25185 | Lair:4   | Gained mutation: Your spells are a little harder to cast, but a little more powerful. [potion of beneficial mutation]
 26205 | D:15     | Entered Level 15 of the Dungeon
 26474 | D:15     | Found Gawalife's Food Shoppe.
 26545 | D:15     | Received a gift from Trog
 26619 | D:15     | Found a staircase to the Depths.
 26745 | D:15     | Found a glowing golden altar of the Shining One.
 26892 | D:15     | Found a shimmering altar of Xom.
 27105 | D:15     | Reached XP level 17. HP: 134/137 MP: 17/17
 27347 | Shoals:1 | Entered Level 1 of the Shoals
 27372 | Shoals:1 | Received a gift from Trog
 28274 | Shoals:3 | Reached skill level 15 in Fighting
 28302 | Shoals:3 | Received a gift from Trog
 28731 | Shoals:2 | Noticed Aizul
 28748 | Shoals:2 | Killed Aizul
 28951 | Shoals:2 | Got a steaming robe
 28952 | Shoals:2 | Identified the +0 robe of Valiance {rC+} (You found it on level 2 of the Shoals)
 30837 | Spider:2 | Received a gift from Trog
 30879 | Spider:2 | Gained mutation: You are somewhat resistant to further mutation. [potion of beneficial mutation]
 30902 | Spider:2 | HP: 6/146 [meliai/divine providence (11)]
 30902 | Spider:2 | Mangled by a wolf spider

Skill      XL: |  1  2  3  4  5  6  7  8  9 10 11 12 13 14 15 16 17 |
---------------+----------------------------------------------------+-----
Polearms       | 5 7 8 9 11 13 14 17 19 23 26 27 | 27.0
Fighting       | 4 5 6 7 8 11 13 16 | 16.8
Dodging        | 8 10 11 16 18 20 | 20.2
Armour         | |  1.3

Action                   |  1- 3 |  4- 6 |  7- 9 | 10-12 | 13-15 | 16-18 || total
-------------------------+-------+-------+-------+-------+-------+-------++-------
Melee: Spear             |    61 |   115 |       |       |       |       ||   176
       Trident           |       |   109 |   445 |   113 |    46 |       ||   713
       Tailslap          |       |       |     1 |     2 |       |    32 ||    35
       Glaive            |       |       |       |   589 |  1616 |       ||  2205
       Bardiche          |       |       |       |       |     6 |  1270 ||  1276
Invok: Berserk           |     1 |     3 |     6 |     8 |    10 |     2 ||    30
       Trog's Hand       |       |     1 |     1 |     4 |     8 |     5 ||    19
       Brothers in Arms  |       |       |       |     1 |       |       ||     1
  Use: Potion            |       |     5 |     3 |     5 |     2 |     8 ||    23
       Scroll            |       |       |    13 |     6 |    13 |     7 ||    39
 Stab: Distracted        |       |       |       |     1 |     1 |       ||     2
       Sleeping          |       |       |       |       |     5 |     5 ||    10
  Eat: Chunk             |       |     9 |    14 |    22 |    47 |    14 ||   106
       Royal jelly       |       |       |     1 |       |     1 |       ||     2
       Meat ration       |       |       |       |     2 |     1 |     2 ||     5
       Bread ration      |       |       |       |       |       |     1 ||     1
Armor: Scale mail        |    15 |    45 |    72 |   103 |     4 |       ||   239
       Ring mail         |       |       |       |       |   225 |   274 ||   499
Dodge: Dodged            |    13 |    62 |   142 |   453 |  1486 |  1807 ||  3963
